 Dungeon Crawl Stone Soup version 0.26-a0-639-g72c4674329 (webtiles) character file.

Game seed: 13097333746848309671

63 Borgoz the Skirmisher (level 4, -1/29 HPs)
             Began as a Gargoyle Berserker on Sept 18, 2020.
             Was a Believer of Trog.
             Slain by a gnoll
             ... wielding a +0 flail
              (8 damage)
             ... on level 2 of the Dungeon.
             The game lasted 00:01:27 (1736 turns).

Borgoz the Skirmisher (Gargoyle Berserker)          Turns: 1736, Time: 00:01:28

Health: -1/29      AC: 10    Str: 21    XL:     4   Next: 10%
Magic:  4/4        EV: 11    Int:  8    God:    Trog [**....]
Gold:   93         SH:  0    Dex:  9    Spells: 3/3 levels left

rFire    . . .     SeeInvis .   a - +0 mace
rCold    . . .     Faith    .   (no shield)
rNeg     + . .     Spirit   .   j - +0 ring mail
rPois    ∞         Reflect  .   i - +0 helmet
rElec    +         Harm     .   (no cloak)
rCorr    .         Rampage  .   (no gloves)
MR       ++...                  (no boots)
Stlth    ..........             (no amulet)
HPRegen  1.09/turn              (no ring)
MPRegen  0.09/turn              (no ring)

@: regenerating
A: negative energy resistance 1, electricity resistance, unbreathing,
petrification resistance, rot immunity, AC +3
a: Berserk, Trog's Hand, Renounce Religion


You were on level 2 of the Dungeon.
You worshipped Trog.
Trog was pleased with you.
You visited 1 branch of the dungeon, and saw 2 of its levels.

You collected 93 gold pieces.

Inventory:

Hand Weapons
 a - a +0 mace (weapon)
Armour
 i - a +0 helmet (worn)
 j - a +0 ring mail (worn)
Scrolls
 c - a scroll of enchant armour {unknown}
 g - 3 scrolls of identify {unknown}
 l - a scroll of teleportation {unknown}
Potions
 b - a potion of magic {unknown}
 d - a potion of heal wounds {unknown}
 e - 2 potions of degeneration {unknown}
 f - a potion of ambrosia {unknown}
 h - a potion of flight {unknown}
 k - 2 potions of might {unknown}


   Skills:
 + Level 3.9 Fighting
 + Level 3.5 Maces & Flails
 + Level 2.9 Armour
 + Level 2.1 Dodging


You had 3 spell levels left.
You didn't know any spells.
Your spell library was empty.

Dungeon Overview and Level Annotations

Branches:
Dungeon (2/15)

Altars:


Innate Abilities, Weirdness & Mutations

You are resistant to torment.
Your stone body is resilient. (AC +3)
You are immune to poison.
You resist negative energy. (rN+)
You are resistant to electric shocks. (rElec)
You can survive without breathing.
You are immune to petrification.
You are immune to rotting.


Message History

The gnoll is lightly wounded.
The gnoll hits you from afar with a +0 halberd!
The gnoll barely misses you.
You barely miss the gnoll.
The gnoll is lightly wounded.
The gnoll closely misses you. The gnoll hits you with a +0 flail.
You hit the gnoll but do no damage.
The gnoll is lightly wounded.
The gnoll hits you but does no damage. The gnoll hits you with a +0 flail!
* * * LOW HITPOINT WARNING * * *
The gnoll barely misses you.
You are too injured to fight recklessly!
Okay, then.
Your skin crawls.
You feel resistant to hostile enchantments.
The gnoll hits you but does no damage. The gnoll hits you with a +0 flail.
* * * LOW HITPOINT WARNING * * *
The gnoll barely misses you. The gnoll hits you with a +0 flail!
You die...

### ### ..# #.. #.# #.#
..######### ###.#
........... ...# ##
....######### #<####...##
.##.........####@gg.......
.##(....)........g##.....#
....#######..........#.#..
##### #....#####.# #
#...## .. #...# .. #...# .
#.... #...##


You could see 3 gnolls.

Vanquished Creatures
  2 adders (D:2)
  A dart slug (D:2)
  A worm (D:2)
  2 leopard geckos (D:1)
  A giant cockroach (D:2)
  6 goblins (D:1)
  5 hobgoblins
  2 jackals (D:2)
  A quokka (D:2)
  A ball python (D:1)
  3 bats
  A frilled lizard (D:1)
  5 kobolds
  9 rats
40 creatures vanquished.

Notes
Turn   | Place    | Note
-------+----------+-------------------------------------------
     0 | D:1      | Borgoz the Gargoyle Berserker began the quest for the Orb.
     0 | D:1      | Reached XP level 1. HP: 14/14 MP: 1/1
   176 | D:1      | Reached XP level 2. HP: 19/19 MP: 2/2
   673 | D:1      | Reached XP level 3. HP: 21/23 MP: 3/3
  1160 | D:2      | Reached ** piety under Trog
  1474 | D:2      | Reached XP level 4. HP: 24/29 MP: 4/4
  1736 | D:2      | Slain by a gnoll

Illustrated notes

Levels and vault maps discovered:
D:1:      roderic_dead_forest, layout_basic, minmay_distorted
D:2:      layout_loops_ring

Skill      XL: |  1  2  3 |
---------------+----------+-----
Dodging        | 2 |  2.1
Fighting       | |  3.9
Maces & Flails | |  3.5
Armour         | |  2.9

Action                   |  1- 3 |  4- 6 || total
-------------------------+-------+-------++-------
Melee: Mace              |   122 |    22 ||   144
Invok: Trog's Hand       |       |     1 ||     1
Armor: Animal skin       |    38 |       ||    38
       Ring mail         |    17 |     9 ||    26
Dodge: Dodged            |   107 |    20 ||   127

Table legend: (Time is in decaauts)
 A = Elapsed time spent in this place.
 B = Non-inter-level travel time spent in this place.
 C = Inter-level travel time spent in this place.
 D = Time resting spent in this place.
 E = Time spent auto-exploring this place.
 F = Levels seen in this place.
 G = Mean time per level.
                   A        B        C        D        E       F      G
               +--------+--------+--------+--------+--------+-----+--------+
         Total |   1769 |   1667 |    102 |    342 |    997 |   2 |  884.5 |
       Dungeon |   1769 |   1667 |    102 |    342 |    997 |   2 |  884.5 |
               +--------+--------+--------+--------+--------+-----+--------+

Top non-repeatable levels by time:
     D:1: 1089 daAuts
     D:2: 680 daAuts
